 Dungeon Crawl Stone Soup version 0.30-a0-509-gd016549fea (webtiles) character file.

Game seed: 6712223998428812400

2 NinjaNoafa the Ducker (level 1, -1/23 HPs)
             Began as a Gnoll Monk on Dec 22, 2022.
             Frozen to death by an endoplasm (5 damage)
             ... on level 1 of the Dungeon on Dec 23, 2022.
             The game lasted 00:05:28 (98 turns).

NinjaNoafa the Ducker (Gnoll Monk)                    Turns: 98, Time: 00:05:29

Health: -1/23      AC:  2    Str: 10    XL:     1   Next: 40%
Magic:  1/1        EV: 14    Int:  9    God:
Gold:   13         SH:  0    Dex: 14    Spells: 0/0 levels left

rFire   . . .      SeeInvis .    a - +0 mace
rCold   . . .      Faith    .    (no shield)
rNeg    . . .      Spirit   .    b - +0 robe
rPois   .          Reflect  .    (no helmet)
rElec   .          Harm     .    (no cloak)
rCorr   .          Rampage  .    (no gloves)
Will    .....                    (no boots)
Stlth   +++.......               (no amulet)
HPRegen 0.23/turn                (no ring)
MPRegen 0.07/turn                (no ring)

@: no status effects
A: fangs 1, strong nose, distributed training
a: no special abilities


You were on level 1 of the Dungeon.
You visited 1 branch of the dungeon, and saw 1 of its levels.

You collected 13 gold pieces.

Inventory:

Hand Weapons
 a - a +0 mace (weapon)
Armour
 b - a +0 robe (worn)
Potions
 c - a potion of ambrosia
 d - a potion of heal wounds {unknown}


   Skills:
 + Level 6.4 Fighting
 + Level 0.0 Short Blades
 + Level 0.0 Long Blades
 + Level 0.0 Axes
 + Level 6.4 Maces & Flails
 + Level 0.0 Polearms
 + Level 0.0 Staves
 + Level 0.0 Ranged Weapons
 + Level 0.0 Throwing
 + Level 0.0 Armour
 + Level 6.4 Dodging
 + Level 4.0 Stealth
 + Level 0.0 Shields
 + Level 0.0 Unarmed Combat
 + Level 0.0 Spellcasting
 + Level 0.0 Conjurations
 + Level 0.0 Hexes
 + Level 0.0 Summonings
 + Level 0.0 Necromancy
 + Level 0.0 Translocations
 + Level 0.0 Transmutations
 + Level 0.0 Fire Magic
 + Level 0.0 Ice Magic
 + Level 0.0 Air Magic
 + Level 0.0 Earth Magic
 + Level 0.0 Poison Magic
 + Level 0.1 Invocations
 + Level 0.0 Evocations


You couldn't memorise any spells.
You didn't know any spells.
Your spell library was empty.

Dungeon Overview and Level Annotations

Branches:
Dungeon (1/15)

Altars:


Innate Abilities, Weirdness & Mutations

You have very sharp teeth.
Your uncanny sense of smell can sniff out nearby items.
Your experience applies equally to all skills.


Message History

A rat comes into view.
The rat bites you.
You sock the rat!
You kill the rat!
You see here a rat corpse.
HP restored.
Key pressed, stopping explore.
An endoplasm comes into view.
An endoplasm is nearby!
A quokka comes into view.
You see here a scroll labelled QEAN KEUSUA.
A goblin comes into view. It is wielding a +0 dagger of speed.
A ball python comes into view.
The quokka bites you.
You hit the quokka but do no damage.
The endoplasm quivers.
The quokka barely misses you. The quokka closely misses you.
You barely miss the quokka.
The quokka bites you but does no damage.
You closely miss the quokka. The quokka bites you.
The goblin attacks as you move away! The goblin closely misses you.
You hit the endoplasm but do no damage. The quokka bites you.
The goblin hits you with a +0 dagger of speed.
The endoplasm hits you. The quokka closely misses you.
The goblin closely misses you.
You thump the quokka!
You kill the quokka!
The endoplasm freezes you.
You are frozen.
* * * LOW HITPOINT WARNING * * *
The goblin closely misses you. The goblin attacks as you move away!
The goblin closely misses you.
You hit the endoplasm but do no damage. You bite the endoplasm.
The endoplasm is heavily wounded.
The goblin barely misses you.
The goblin hits you with a +0 dagger of speed.
* * * LOW HITPOINT WARNING * * *
The endoplasm freezes you.
You are frozen.
You die...

#...#...# S.#.#...~≈≈#
#.#####.#'# ..#.....≈≈≈+
#.......#.. ........~≈≈+
##+###'##..
........~≈≈#+#+#≈≈≈≈≈≈≈#+#
........~≈≈≈≈≈≈≈≈≈≈≈≈≈≈≈≈≈
........~≈≈≈≈≈≈≈≈≈≈≈≈≈≈≈≈≈
........J≈~~~~~~≈~~~~~≈~≈≈
......!†g@................
.....#....................
.## #....?...............
######....###########
#....# # ###### # # # #


You could see an endoplasm and a goblin.

Vanquished Creatures
  A quokka (D:1)
  A frilled lizard (D:1)
  A rat (D:1)
3 creatures vanquished.

Notes
Turn   | Place    | Note
-------+----------+-------------------------------------------
     0 | D:1      | NinjaNoafa the Gnoll Monk began the quest for the Orb.
     0 | D:1      | Reached XP level 1. HP: 23/23 MP: 1/1
    98 | D:1      | Frozen to death by an endoplasm

Illustrated notes

Levels and vault maps discovered:
D:1:      dpeg_arrival_castle, layout_basic

Action                   || total
-------------------------++-------
Melee: Mace              ||    10
       Bite              ||     1
Armor: Robe              ||     2
Dodge: Dodged            ||     9

Table legend: (Time is in decaauts)
 A = Elapsed time spent in this place.
 B = Non-inter-level travel time spent in this place.
 C = Inter-level travel time spent in this place.
 D = Time resting spent in this place.
 E = Time spent auto-exploring this place.
 F = Levels seen in this place.
 G = Mean time per level.
                   A        B        C        D        E       F      G
               +--------+--------+--------+--------+--------+-----+--------+
         Total |     99 |     99 |      0 |      0 |     65 |   1 |   99.0 |
       Dungeon |     99 |     99 |      0 |      0 |     65 |   1 |   99.0 |
               +--------+--------+--------+--------+--------+-----+--------+

Top non-repeatable levels by time:
     D:1: 99 daAuts
